 Dungeon Crawl Stone Soup version 0.31-a0-219-g8d62b2e7bb (webtiles) character file.

Game seed: 6056455795212381676

209 CornPuffBuddha the Digger (level 5, -9/28 HPs)
             Began as a Gargoyle Earth Elementalist on July 3, 2023.
             Mangled by an orc warrior
             ... wielding a +0 halberd
              (16 damage)
             ... on level 4 of the Dungeon.
             The game lasted 00:06:19 (3237 turns).

CornPuffBuddha the Digger (GrEE)                    Turns: 3237, Time: 00:06:21

Health: -9/28      AC:  6    Str: 11    XL:     5   Next: 87%
Magic:  7/11       EV: 11    Int: 18    God:
Gold:   172        SH:  0    Dex: 10    Spells: 6/12 levels left

rFire   . . .        m - +0 hand axe (drain)
rCold   . . .        (no shield)
rNeg    + . .        a - +0 robe
rPois   ∞            (no helmet)
rElec   +            (no cloak)
rCorr   .            (no gloves)
SInv    .            (no boots)
Will    .....        (no amulet)
Stlth   ++           (no ring)
HPRegen 0.24/turn    (no ring)
MPRegen 0.12/turn

%: no passive effects
@: about to teleport
A: sickness immunity, AC +4, negative energy resistance 1, electricity
resistance, torment resistance 1, petrification resistance
a: no special abilities


You were on level 4 of the Dungeon.
You visited 1 branch of the dungeon, and saw 4 of its levels.

You collected 172 gold pieces.

Inventory:

Hand Weapons
 c - a +0 dagger
 m - a +0 hand axe of draining (weapon)
Armour
 a - a +0 robe (worn)
Jewellery
 q - a ring of willpower
 r - a +4 ring of protection
Wands
 p - a wand of light (14)
Scrolls
 d - a scroll of identify {unknown}
 e - 2 scrolls of fog {unknown}
 f - a scroll of fear {unknown}
 i - a scroll of torment {unknown}
 l - a scroll of immolation {unknown}
 n - a scroll of teleportation
 s - a scroll of vulnerability {unknown}
 t - a scroll of enchant weapon {unknown}
Potions
 b - a potion of magic
 g - a potion of heal wounds {unknown}
 h - 3 potions of curing {unknown}
 j - a potion of berserk rage {unknown}
 k - a potion of enlightenment {unknown}
 o - a potion of brilliance {unknown}


   Skills:
 - Level 1.5 Dodging
 - Level 2.1 Stealth
 + Level 4.0 Spellcasting
 - Level 0.7 Transmutations
 + Level 6.0 Earth Magic


You had 6 spell levels left.
You knew the following spells:

 Your Spells              Type           Power      Damage    Failure   Level
a - Sandblast             Erth           50%        2d12      1%          1
b - Passwall              Tmut/Erth      12%        N/A       5%          2
c - Stone Arrow           Conj/Erth      28%        3d8       13%         3

Your spell library contained the following spells:

 Spells                   Type           Power      Damage    Failure   Level
 Petrify                  Tmut/Erth      15%        N/A       36%         4
 Anguish                  Hex/Necr       1%         N/A       82%         4
 Cause Fear               Hex            1%         N/A       82%         4
 Enfeeble                 Hex            1%         N/A       100%        7


Dungeon Overview and Level Annotations

Branches:
Dungeon (4/15)
 Temple: D:4-7

Altars:
Uskayaw
The Shining One

Shops:
D:3 [

Annotations:
D:3 1 runed translucent door, Crazy Yiuf


Innate Abilities, Weirdness & Mutations

You are immune to sickness and miasma.
Your stone body is resilient. (AC +4)
You are immune to poison.
You resist negative energy. (rN+)
You are resistant to electric shocks. (rElec)
You are resistant to unholy torment.
You are immune to petrification.


Message History

A worm comes into view.
Found two altars.
There is an empty arch of ancient stone here.
The blast of sand hits the worm!!
You kill the worm!
You can't see any susceptible monsters within range! (Use Z to cast anyway.)
There is an empty arch of ancient stone here.
There is an empty arch of ancient stone here.
There is an empty arch of ancient stone here.
There is an empty arch of ancient stone here.
As you open the door, it creaks loudly!
There is an open door here.
An orc comes into view. It is wielding a +0 flail.
An orc warrior, an orc wizard, an orc priest and an orc come into view.
The orc priest is wielding a +1 flail of holy wrath.
The orc warrior shouts!
The orc shouts!
The orc wizard shouts!
The orc shouts!
The blast of sand hits the orc priest but does no damage.
The orc wizard casts a spell.
The orc wizard flickers and vanishes!
Deactivating autopickup; reactivate with Ctrl-A.
The blast of sand hits the orc priest!
The orc priest is severely wounded.
The orc priest hits you with a +1 flail of holy wrath.
The orc hits you with a +0 short sword.
The orc priest hits you with a +1 flail of holy wrath.
The orc warrior closely misses you.
The blast of sand hits the orc priest!
You kill the orc priest!
The orc completely misses you.
The orc warrior hits you from afar with a +0 halberd!
Your Spellcasting skill increases to level 4!
Your Earth Magic skill increases to level 6!
Unknown command.
As you read the scroll labelled MOTAQY YRYTITUCAMM, it crumbles to dust.
You feel strangely unstable.
It was a scroll of teleportation.
The orc hits you with a +0 short sword. The orc hits you with a +0 flail.
* * * LOW HITPOINT WARNING * * *
The orc warrior hits you from afar with a +0 halberd!
Ouch! That really hurt!
You die...

###.#### .......# #.........#
########### .......# #.........
#.......... .......# #.........
##.......... .......####........
............ .........##.......#
...##...###. ...#.....##.....{.##
#...# #. .........##...ooo..#
#.†.# #. ..........######@..#
#.))###.
.†.............#...#######...#...
.###.......###.#...........).#...
##_##......'...............).....
#...##.....###..###..........#...
⌠...⌠#.....# ##..............#...
#...##.....#######.........#.....
##.###.#...#....##.###.....#.....
##∩#♣#.....#........##...........


You could see an orc warrior and 2 orcs.

Vanquished Creatures
  2 orc priests
  6 adders
  2 worms
  A dart slug (D:4)
  12 orcs
  7 endoplasms
  4 giant cockroaches
  6 goblins
  6 hobgoblins
  3 quokkas
  7 ball pythons
  8 bats
  3 frilled lizards (D:2)
  4 kobolds (D:3)
  A rat (D:2)
72 creatures vanquished.

Notes
Turn   | Place    | Note
-------+----------+-------------------------------------------
     0 | D:1      | CornPuffBuddha the Gargoyle Earth Elementalist began the
                  | quest for the Orb.
     0 | D:1      | Reached XP level 1. HP: 10/10 MP: 3/3
   443 | D:1      | Reached skill level 4 in Earth Magic
   443 | D:1      | Reached XP level 2. HP: 15/15 MP: 3/5
   964 | D:2      | Reached XP level 3. HP: 19/19 MP: 2/6
  1593 | D:3      | Reached XP level 4. HP: 24/24 MP: 6/8
  1777 | D:3      | Reached skill level 5 in Earth Magic
  2235 | D:3      | Found Lyjelen's Armour Shoppe.
  2331 | D:3      | Found a runed translucent door.
  2332 | D:3      | Noticed Crazy Yiuf
  2614 | D:3      | Reached XP level 5. HP: 17/28 MP: 4/10
  3015 | D:4      | Learned a level 2 spell: Passwall
  3019 | D:4      | Learned a level 3 spell: Stone Arrow
  3196 | D:4      | Found a glowing golden altar of the Shining One.
  3196 | D:4      | Found a hide-covered altar of Uskayaw.
  3233 | D:4      | Noticed an orc warrior
  3237 | D:4      | Reached skill level 6 in Earth Magic
  3237 | D:4      | Mangled by an orc warrior

Illustrated notes

Levels and vault maps discovered:
D:1:      saegor_arrival_simple_b, layout_loops_corners, minivault_23
D:2:      layout_rooms
D:3:      layout_loops_ring, serial_shops, shop, minmay_fractal_squares_5,
          uniq_crazy_yiuf_cottage
D:4:      layout_basic, amethyst_overflow_temple_binary

Skill      XL: |  1  2  3  4  5 |
---------------+----------------+-----
Earth Magic    | 4 5 6 |  6.0
Spellcasting   | 3 4 |  4.0
Dodging        | |  1.5
Stealth        | |  2.1
Transmutations | |  0.7

Action                     |  1- 3 |  4- 6 || total
---------------------------+-------+-------++-------
  Melee: Dagger            |     2 |       ||     2
         Hand axe          |       |     8 ||     8
         Punch             |       |     1 ||     1
   Cast: Sandblast         |    42 |    70 ||   112
    Use: Scroll            |       |     1 ||     1
 Armour: Robe              |     7 |    18 ||    25
  Dodge: Dodged            |     3 |    42 ||    45

Table legend: (Time is in decaauts)
 A = Elapsed time spent in this place.
 B = Non-inter-level travel time spent in this place.
 C = Inter-level travel time spent in this place.
 D = Time resting spent in this place.
 E = Time spent auto-exploring this place.
 F = Levels seen in this place.
 G = Mean time per level.
                   A        B        C        D        E       F      G
               +--------+--------+--------+--------+--------+-----+--------+
         Total |   3293 |   3224 |     69 |    157 |   2639 |   4 |  823.2 |
       Dungeon |   3293 |   3224 |     69 |    157 |   2639 |   4 |  823.2 |
               +--------+--------+--------+--------+--------+-----+--------+

Top non-repeatable levels by time:
     D:3: 1340 daAuts
     D:1: 965 daAuts
     D:2: 608 daAuts
     D:4: 379 daAuts
